 Dungeon Crawl Stone Soup version 0.26-a0-708-g17f3b190f9 (webtiles) character file.

Game seed: 4949664600906658602

1661 jasper the Ruffian (level 8, -3/66 HPs)
             Began as a Demigod Transmuter on Oct 27, 2020.
             Blown up by Harold the eye of devastation (25 damage)
             ... with a bolt of energy
             ... on level 7 of the Dungeon.
             The game lasted 00:11:42 (7338 turns).

jasper the Ruffian (Demigod Transmuter)             Turns: 7338, Time: 00:11:43

Health: -3/66      AC: 13    Str: 17    XL:     8   Next: 41%
Magic:  13/13      EV: 12    Int: 17    God:
Gold:   283        SH:  0    Dex: 16    Spells: 0/10 levels left

rFire    . . .     SeeInvis .     - Unarmed
rCold    . . .     Faith    .   (no shield)
rNeg     . . .     Spirit   .   t - +0 scale mail
rPois    .         Reflect  .   (helmet currently unavailable)
rElec    +         Harm     .   w - +2 cloak {Stlth+}
rCorr    .         Rampage  .   c - +0 pair of gloves
MR       .....                  (boots currently unavailable)
Stlth    ..........             (no amulet)
HPRegen  0.21/turn              (no ring)
MPRegen  0.13/turn              (no ring)

@: appendages, marked
A: horns 2, talons 2, thin metallic scales 1, high mp 1, electricity resistance
a: End Transformation


You were on level 7 of the Dungeon.
You had grown temporary horns.
You had grown temporary talons.
You visited 1 branch of the dungeon, and saw 7 of its levels.

You collected 283 gold pieces.

Inventory:

Missiles
 j - 74 stones (quivered)
 s - 13 poisoned darts
Armour
 a - a +0 robe
 b - a +0 helmet (melded)
 c - a +0 pair of gloves (worn)
 n - a +0 chain mail
 t - a +0 scale mail (worn)
 w - a +2 cloak of stealth (worn)
 y - a +0 pair of boots (melded)
Magical Staves
 x - an uncursed staff of death
Wands
 p - a wand of digging (6)
 q - a wand of polymorph (4)
Scrolls
 d - 4 scrolls of teleportation
 e - 4 scrolls of blinking
 g - 4 scrolls of remove curse
 i - 2 scrolls of enchant armour
 l - 3 scrolls of noise
 m - a scroll of fear
 r - 2 scrolls of immolation
 u - 3 scrolls of amnesia
 B - a scroll of brand weapon
 C - a scroll of fog {unknown}
 E - a scroll of magic mapping {unknown}
Potions
 f - a potion of stabbing
 h - 6 potions of curing
 v - a potion of resistance
 z - a potion of cancellation {unknown}
 D - a potion of berserk rage {unknown}


   Skills:
 + Level 4.2 Fighting
 + Level 4.1 Armour
 + Level 4.8 Dodging
 - Level 0.1 Stealth
 * Level 7.1 Unarmed Combat
 - Level 1.7 Spellcasting
 - Level 2.1 Transmutations


You couldn't memorise any spells.
You knew the following spells:

 Your Spells              Type           Power        Failure   Level
a - Beastly Appendage     Tmut           #.....       26%         1
b - Wereblood             Tmut           #.......     36%         2
c - Confusing Touch       Hex            #.......     88%         3
d - Ice Form              Ice/Tmut       #.......     99%         4

Your spell library contained the following spells:

 Spells                   Type           Power        Failure   Level
 Corona                   Hex            #......      54%         1
 Ensorcelled Hibernation  Hex/Ice        #.....       67%         2
 Spider Form              Tmut/Pois      #.........   77%         3
 Dazzling Flash           Conj/Hex       #.....       88%         3
 Tukima's Dance           Hex            #.......     88%         3
 Blade Hands              Tmut           #.........   100%        5


Dungeon Overview and Level Annotations

Branches:
Dungeon (7/15)             Temple (0/1) D:4

Shops:
D:5 }

Annotations:
D:7 Harold


Innate Abilities, Weirdness & Mutations

You have an increased reservoir of magic. (+10% MP)
You have a pair of horns on your head.
You have razor-sharp toenails.
You are partially covered in thin metallic scales. (AC +2)
You are resistant to electric shocks. (rElec)


Message History

You take 30 damage, and have 4/66 hp.
MASSIVE DAMAGE!!
MP restored: 13
Okay, then.
Evoke which item? (* to show all) (? for menu, Esc to quit)
Aiming: Polymorph
Press: ? - help, Shift-Dir - straight line, f/p - Harold
Aim: Harold the eye of devastation (severely wounded, chance to defeat MR: 1%) Harold resists with almost no effort.
Evoke which item? (* to show all) (? for menu, Esc to quit)
Aiming: Polymorph
Press: ? - help, Shift-Dir - straight line, f/p - Harold
Aim: Harold the eye of devastation (severely wounded, chance to defeat MR: 1%)
Okay, then.
You feel much better.
You regained 18 hp, and now have 22/66 hp.
You hit Harold but do no damage. You headbutt Harold, but do no damage.
Harold is severely wounded.
Harold gazes at you. The bolt of energy hits you!!
You die...

########################
................@Gh.....
########################
...<# ##### ## .. ##


You could see Harold the eye of devastation and a hound.

Vanquished Creatures
  Pikel (D:4)
  A phantom (D:6)
  An ogre (D:5)
  2 centaurs
  A wolf (D:5)
  A lemure (D:4)
  A scorpion (D:4)
  A howler monkey (D:4)
  2 bullfrog zombies
  2 orc priests (D:3)
  A bullfrog skeleton (D:5)
  A centaur skeleton (D:6)
  2 jellies (D:5)
  An orc wizard (D:6)
  A hound (D:5)
  Crazy Yiuf (D:3)
  Ijyb (D:3)
  3 worker ants
  A hound zombie (D:5)
  A hound skeleton (D:5)
  7 adders
  A shadow imp (D:6)
  2 white imps (D:5)
  5 oozes
  An adder skeleton (D:6)
  4 worms
  2 dart slugs
  3 leopard geckos
  18 orcs
  8 bats
  4 giant cockroaches
  7 goblins
  6 hobgoblins
  13 jackals
  3 quokkas
  2 ball pythons
  3 frilled lizards
  8 kobolds
  7 rats
130 creatures vanquished.

Notes
Turn   | Place    | Note
-------+----------+-------------------------------------------
     0 | D:1      | jasper the Demigod Transmuter began the quest for the Orb.
     0 | D:1      | Reached XP level 1. HP: 15/15 MP: 5/5
    59 | D:1      | Reached skill level 3 in Unarmed Combat
   363 | D:1      | Reached XP level 2. HP: 20/22 MP: 5/7
   565 | D:1      | Learned a level 2 spell: Wereblood
   726 | D:1      | Reached XP level 3. HP: 11/27 MP: 6/8
  1481 | D:2      | Reached skill level 1 in Fighting
  1675 | D:2      | Found a broken altar of Ashenzari.
  1845 | D:2      | Found a hazy altar of Hepliaklqana.
  1885 | D:2      | Reached XP level 4. HP: 31/35 MP: 9/9
  1994 | D:2      | Found a sacrificial altar of Ru.
  2289 | D:3      | Reached skill level 1 in Armour
  2371 | D:3      | Noticed Ijyb
  2376 | D:3      | Killed Ijyb
  2376 | D:3      | Reached skill level 4 in Unarmed Combat
  2441 | D:3      | Found a runed translucent door.
  2442 | D:3      | Noticed Crazy Yiuf
  2866 | D:3      | Reached XP level 5. HP: 23/40 MP: 10/10
  3071 | D:3      | Found a faded altar of an unknown god.
  3335 | D:3      | Found a stormy altar of Qazlal.
  3688 | D:3      | Killed Crazy Yiuf
  4115 | D:4      | Reached XP level 6. HP: 48/48 MP: 11/11
  4305 | D:4      | Found a staircase to the Ecumenical Temple.
  4327 | D:4      | Noticed Pikel
  4329 | D:4      | Gained mutation: You are resistant to electric shocks.
                  | (rElec) [potion of mutation]
  4329 | D:4      | Gained mutation: You are partially covered in thin metallic
                  | scales. (AC +2) [potion of mutation]
  4346 | D:4      | Killed Pikel
  4346 | D:4      | Reached skill level 5 in Unarmed Combat
  4346 | D:4      | Reached XP level 7. HP: 57/57 MP: 12/12
  4503 | D:4      | Reached skill level 6 in Unarmed Combat
  4795 | D:4      | Found an ancient bone altar of Kikubaaqudgha.
  5000 | D:5      | Entered Level 5 of the Dungeon
  5343 | D:5      | Found a snail-covered altar of Cheibriados.
  5487 | D:5      | Reached XP level 8. HP: 64/64 MP: 13/13
  5733 | D:5      | Found Ydaett's Gadget Emporium.
  6068 | D:5      | Noticed Edmund
  6071 | D:5      | Noticed Edmund
  6071 | D:5      | Edmund changed into Edmund the wolf
  6076 | D:5      | Killed Edmund the wolf
  6131 | D:5      | Found an opulent altar of Gozag.
  6816 | D:6      | Reached skill level 7 in Unarmed Combat
  7050 | D:6      | Learned a level 3 spell: Confusing Touch
  7055 | D:6      | Learned a level 4 spell: Ice Form
  7309 | D:7      | Noticed Harold
  7326 | D:7      | Noticed Harold
  7326 | D:7      | Harold changed into Harold the eye of devastation
  7338 | D:7      | Blown up by Harold the eye of devastation

Illustrated notes

Levels and vault maps discovered:
D:1:      scummos_arrival_simple_fountains, layout_rooms, minivault_19,
          minmay_misc_feat_four_crosses
D:2:      layout_loops_ring, lemuel_doored_altar, old_standard_altar,
          grunt_ministairs_6, nicolae_ru_the_path_less_chosen
D:3:      layout_loops_ring, nicolae_overflow_hidden_temple,
          chequers_ecumenical_altar_simple_redux, uniq_ijyb,
          uniq_crazy_yiuf_cottage
D:4:      minmay_angry_zag, layout_layer_cave, lemuel_crystal_altar,
          minmay_temple_entry_mini_moons, uniq_pikel
D:5:      layout_layer_cave, lemuel_round_altar, cheibriados_altar_1,
          serial_shops, nicolae_shop_window_shopping, nicolae_zen_rock_garden,
          st_stairs_5, uniq_edmund
D:6:      layout_rooms
D:7:      layout_basic, abandoned_shop, uniq_harold

Skill      XL: |  1  2  3  4  5  6  7  8 |
---------------+-------------------------+-----
Unarmed Combat | 3 4 5 6 7 |  7.1
Dodging        | 2 3 4 |  4.8
Transmutations | 2 |  2.1
Fighting       | 1 2 3 4 |  4.2
Armour         | 1 2 3 4 |  4.1
Stealth        | |  0.1
Spellcasting   | |  1.7

Action                   |  1- 3 |  4- 6 |  7- 9 || total
-------------------------+-------+-------+-------++-------
Melee: Unarmed           |   147 |   214 |   211 ||   572
       Kick              |    21 |    12 |     9 ||    42
       Headbutt          |     8 |     7 |    11 ||    26
       Punch             |     1 |     1 |     7 ||     9
Throw: Stone             |     9 |     4 |     2 ||    15
       Boomerang         |       |     4 |     8 ||    12
 Cast: Beastly Appendage |    11 |     4 |     8 ||    23
Evoke: Wand              |       |     7 |    13 ||    20
  Use: Scroll            |     5 |       |     7 ||    12
       Potion            |       |     3 |     1 ||     4
 Stab: Sleeping          |     1 |       |       ||     1
       Paralysed         |       |       |     3 ||     3
Armor: Robe              |    32 |       |       ||    32
       Chain mail        |       |    34 |       ||    34
       Scale mail        |       |    65 |   106 ||   171
Dodge: Dodged            |   112 |   100 |   115 ||   327

Table legend: (Time is in decaauts)
 A = Elapsed time spent in this place.
 B = Non-inter-level travel time spent in this place.
 C = Inter-level travel time spent in this place.
 D = Time resting spent in this place.
 E = Time spent auto-exploring this place.
 F = Levels seen in this place.
 G = Mean time per level.
                   A        B        C        D        E       F      G
               +--------+--------+--------+--------+--------+-----+--------+
         Total |   7293 |   7015 |    278 |   1073 |   4838 |   7 | 1041.9 |
       Dungeon |   7293 |   7015 |    278 |   1073 |   4838 |   7 | 1041.9 |
               +--------+--------+--------+--------+--------+-----+--------+

Top non-repeatable levels by time:
     D:4: 1510 daAuts
     D:3: 1489 daAuts
     D:5: 1392 daAuts
     D:1: 1249 daAuts
     D:2: 990 daAuts
     D:6: 595 daAuts
     D:7: 66 daAuts
